Map: Parasitismo LE

Players

Vicster - Winner!

  • Race: Terran Terran
  • League: Gold
  • Spawn Location: 5:00

VOD

Have the link to the VOD?

Description

Time

  • Played on: Jan. 8, 2019, 12:21 p.m.
  • Length: 29:26
Show
View Real Time Build Order
Export as new Build Order

Vicster Terran - Winner!

Build Orders:  

Get SALT Encoding   

  12  0:01  SCV  
  13  0:19  SCV  
  14  0:24  Supply Depot  
  14  0:38  SCV  
  15  0:55  SCV  
  15  0:57  Barracks  
  16  1:12  SCV  
  16  1:19  Refinery  
  17  1:29  SCV  
  19  2:04  Orbital Command  
  19  2:07  Marine  
  19  2:21  Command Center  
  19  2:45  SCV  
  19  2:46  Factory  
  20  3:02  SCV  
  20  3:04  Supply Depot  
  20  3:07  Barracks Tech Lab  
  21  3:19  SCV  
  21  3:36  SCV  
  22  3:46  Refinery  
  22  3:53  SCV  
  23  4:00  Bunker  
  23  4:02  Orbital Command  
  23  4:10  SCV  
  24  4:20  Siege Tank  
  24  4:27  SCV  
  28  4:44  SCV  
  28  4:45  Supply Depot  
  28  4:48  SCV  
  30  4:58  Command Center  
  30  5:01  SCV  
  30  5:06  SCV  
  32  5:12  Siege Tank  
  32  5:18  SCV  
  36  5:23  SCV  
  36  5:25  Engineering Bay  
  37  5:35  SCV, Supply Depot  
  38  5:40  SCV  
  39  5:52  SCV  
  39  5:53  Refinery  
  39  5:56  Refinery  
  39  5:57  SCV, Siege Tank  
  44  6:09  SCV  
  45  6:20  Armory, SCV  
  45  6:26  SCV  
  47  6:42  SCV, Siege Tank  
  47  6:43  Missile Turret  
  47  6:46  Missile Turret  
  47  6:47  Orbital Command  
  51  6:55  Supply Depot  
  51  7:06  SCV  
  51  7:08  SCV  
  53  7:16  Supply Depot  
  53  7:23  SCV  
  53  7:25  SCV  
  53  7:26  Supply Depot  
  55  7:30  Armory  
  55  7:32  Terran Vehicle Weapons Level 1  
  55  7:43  SCV x3  
  58  7:54  Thor  
  64  8:00  SCV x2  
  66  8:16  SCV  
  51  8:20  SCV  
  67  8:21  SCV  
  69  8:33  SCV  
  69  8:36  SCV  
  69  8:38  SCV  
  72  8:42  Factory  
  72  8:43  Factory  
  72  8:53  Factory  
  72  8:54  Factory  
  72  8:57  Factory  
  72  9:00  Terran Vehicle And Ship Armor Level 1  
  72  9:04  Factory  
  72  9:06  SCV x3  
  75  9:14  Supply Depot  
  75  9:23  SCV x3  
  78  9:40  SCV x3  
  78  9:46  Factory Tech Lab x2  
  81  9:53  Factory Tech Lab  
  81  9:54  Factory Tech Lab  
  81  9:57  SCV x2  
  83  10:02  Factory Tech Lab, Orbital Command  
  83  10:18  Command Center  
  83  10:41  Factory  
  83  10:52  Factory Tech Lab, Supply Depot x2  
  83  10:53  Thor  
  83  10:54  Thor x2  
  83  10:57  Hellbat  
  83  10:58  Hellbat  
  105  11:08  SCV x3  
  108  11:22  Thor  
  108  11:25  SCV x3  
  108  11:27  Hellbat  
  108  11:28  Hellbat  
  121  11:41  Factory Tech Lab  
  121  11:48  SCV  
  121  11:49  Refinery  
  122  11:50  Refinery  
  122  11:51  SCV x2  
  122  11:58  Hellbat, Hellion x3, Thor  
  138  12:05  SCV  
  138  12:08  SCV  
  140  12:12  Siege Tank, Supply Depot  
  140  12:14  Command Center  
  140  12:21  Siege Tank  
  140  12:28  Supply Depot  
  140  12:30  Siege Tank  
  140  12:42  SCV x2  
  140  12:44  Supply Depot  
  142  13:10  Orbital Command  
  142  13:19  SCV x3  
  145  13:36  SCV x3  
  148  13:53  SCV  
  149  14:22  Thor x4  
  149  14:23  Thor  
  179  14:31  Command Center  
  179  14:39  Terran Vehicle Weapons Level 2  
  179  14:50  Terran Vehicle And Ship Armor Level 2  
  179  14:53  Refinery  
  179  14:54  Command Center  
  179  14:55  Refinery  
  179  15:02  Command Center  
  179  15:12  Supply Depot  
  179  15:14  Supply Depot  
  179  15:42  Thor, SCV x2  
  179  15:44  SCV x2  
  179  15:45  Supply Depot  
  179  15:46  Supply Depot  
  189  15:50  Thor  
  195  16:11  SCV x4  
  195  16:14  Orbital Command  
  195  16:17  Supply Depot  
  199  16:28  Command Center  
  199  16:35  SCV  
  200  16:40  Siege Tank  
  200  17:13  Refinery  
  200  17:25  Refinery  
  200  17:34  Refinery  
  200  17:52  Factory Tech Lab  
  200  17:59  Factory  
  200  18:04  Factory x2  
  194  18:23  Orbital Command  
  194  18:27  Orbital Command  
  188  18:38  Refinery  
  168  18:42  Refinery  
  168  18:46  Thor  
  168  18:47  Thor x4  
  196  18:51  Hellbat  
  196  18:52  Hellbat  
  188  19:00  Drilling Claws  
  155  19:45  SCV x2  
  155  19:47  Terran Vehicle Weapons Level 3  
  155  19:48  Terran Vehicle And Ship Armor Level 3  
  155  19:49  Infernal Pre-Igniter  
  145  19:50  Refinery  
  145  19:52  Factory Tech Lab  
  145  19:53  Factory Tech Lab x2  
  139  20:37  Command Center  
  139  20:39  Command Center  
  139  20:40  Command Center  
  139  20:49  Unknown  
  139  20:50  Unknown  
  139  21:12  Thor  
  139  21:13  Thor x9  
  199  21:27  Orbital Command  
  191  21:52  Thor  
  197  22:01  Orbital Command  
  197  22:50  Orbital Command  
  197  23:05  Command Center  
  197  23:07  Refinery  
  191  23:19  Refinery  
  131  24:25  Thor x6  
  131  24:26  Thor x5  
  191  25:05  Orbital Command  
  191  25:06  Orbital Command x4  
  185  25:23  Orbital Command  
  185  25:25  Thor x3  
  185  26:14  Thor  
  185  26:15  Thor  
  197  26:22  Refinery  
  185  27:01  Thor x2  
  197  28:24  Refinery  
  197  28:29  Refinery  
  197  28:31  Refinery  
Tags
 
League
Gold
Matchup
Co-op
Replay Pack
Vicster replay
Add a new tag
Caveats
  • Supply blocks, unpowered buildings, or Contaminate may cause inaccurate times.
  • Supply counts are checked every 10 seconds.